General information
			
			
        
        - name: BNet
 
        - type: Ladder team game (AT/RT)
 
        - host: Battle.net
 
        - saver: YEAHSHESASSBATS
 
        
map: Mur'gulOasis 
        - players: 8
 
        - length: 27:44
 
        - speed: Fast
 - version: 1.22 W3XP
 - replay type:  Public
 
» download(262 KB)
Players
        team 1 (loser) 
              
              
» 
BONE_DRAGONS (
red | 108 APM | 2992 actions | 27:40)
              
 4 Death Knight 
 2 Death Coil
 2 Unholy Aura
 2 Lich 
 1 Frost Nova
 1 Dark Ritual
 3 Crypt Lord 
 2 Impale
 1 Spiked Carapace
 
                » actions 
                
                | Assign group hotkey | 69 |  | 
| Basic commands | 35 |  | 
| Build / train | 55 |  | 
| Enter build submenu | 18 |  | 
| Enter hero's abilities submenu | 9 |  | 
| Give item / drop item | 6 |  | 
| Remove unit from queue | 1 |  | 
| Right click | 1130 |  | 
| Select / deselect | 329 |  | 
| Select group hotkey | 1216 |  | 
| Use ability | 124 |  | 
                2992 total
 » units 
                
                | Acolyte | 4 |  | 
| Ghoul | 2 |  | 
| Crypt Fiend | 6 |  | 
| Frost Wyrm | 6 |  | 
                18 total
 » upgrades
                
                | Web | 1 |  | 
| Freezing Breath | 1 |  | 
| Creature Carapace | 1 |  | 
                3 total
 » buildings
                
                | Crypt | 1 |  | 
| Ziggurat | 9 |  | 
| Graveyard | 1 |  | 
| Altar of Darkness | 2 |  | 
| Tomb of Relics | 1 |  | 
| Nerubian Tower | 1 |  | 
| Halls of the Dead | 1 |  | 
| Black Citadel | 1 |  | 
| Sacrificial Pit | 1 |  | 
| Boneyard | 2 |  | 
| Spirit Tower | 2 |  | 
                22 total
 » build order
                00:09 Crypt
00:12 Ziggurat
00:39 Graveyard
00:58 Altar of Darkness
01:39 Ziggurat
02:16 Tomb of Relics
02:53 Nerubian Tower
04:31 Halls of the Dead
04:33 Ziggurat
05:12 Ziggurat
07:36 Black Citadel
08:51 Sacrificial Pit
09:59 Boneyard
09:59 Boneyard
12:42 Ziggurat
16:54 Ziggurat
19:15 Spirit Tower
19:55 Spirit Tower
25:50 Altar of Darkness
25:54 Ziggurat
25:55 Ziggurat
25:57 Ziggurat
» items
                
                | Rod of Necromancy | 3 |  | 
| Scroll of Town Portal | 6 |  | 
| Potion of Healing | 3 |  | 
| Orb of Corruption | 2 |  | 
| Potion of Mana | 2 |  | 
                16 total
  
               
              
              
BURNBURNBURN (
green | 86 APM | 2384 actions | 27:35)
              
 5 Death Knight 
 3 Death Coil
 2 Unholy Aura
 4 Lich 
 2 Frost Nova
 2 Frost Armor
 4 Dreadlord 
 2 Vampiric Aura
 2 Sleep
 
                » actions 
                
                | Assign group hotkey | 154 |  | 
| Basic commands | 4 |  | 
| Build / train | 64 |  | 
| Enter build submenu | 19 |  | 
| Enter hero's abilities submenu | 14 |  | 
| Give item / drop item | 2 |  | 
| Right click | 862 |  | 
| Select / deselect | 350 |  | 
| Select group hotkey | 827 |  | 
| Use ability | 88 |  | 
                2384 total
 » units 
                
                | Acolyte | 5 |  | 
| Ghoul | 2 |  | 
| Crypt Fiend | 7 |  | 
| Frost Wyrm | 8 |  | 
                22 total
 » upgrades
                » buildings
                
                | Crypt | 1 |  | 
| Graveyard | 1 |  | 
| Altar of Darkness | 1 |  | 
| Ziggurat | 8 |  | 
| Tomb of Relics | 1 |  | 
| Nerubian Tower | 1 |  | 
| Halls of the Dead | 1 |  | 
| Black Citadel | 1 |  | 
| Sacrificial Pit | 1 |  | 
| Boneyard | 4 |  | 
| Spirit Tower | 1 |  | 
                21 total
 » build order
                00:07 Crypt
00:13 Graveyard
00:42 Altar of Darkness
01:02 Ziggurat
01:34 Tomb of Relics
02:19 Ziggurat
02:20 Nerubian Tower
04:23 Halls of the Dead
05:09 Ziggurat
07:11 Black Citadel
08:33 Ziggurat
08:34 Sacrificial Pit
09:42 Boneyard
11:22 Boneyard
12:02 Boneyard
13:00 Ziggurat
15:20 Ziggurat
20:25 Ziggurat
23:25 Boneyard
23:52 Ziggurat
25:05 Spirit Tower
» items
                
                | Rod of Necromancy | 1 |  | 
| Dust of Appearance | 1 |  | 
| Potion of Lesser Invulnerability | 1 |  | 
| Scroll of Healing | 3 |  | 
| Potion of Healing | 3 |  | 
| Orb of Corruption | 1 |  | 
| Potion of Mana | 3 |  | 
| Scroll of Town Portal | 5 |  | 
                18 total
  
               
              
              
Fiar (
blue | 78 APM | 2145 actions | 27:38)
              
 4 Mountain King 
 2 Storm Bolt
 2 Bash
 4 Paladin 
 2 Holy Light
 2 Divine Shield
 
                » actions 
                
                | Assign group hotkey | 14 |  | 
| Basic commands | 1 |  | 
| Build / train | 75 |  | 
| Enter build submenu | 23 |  | 
| Enter hero's abilities submenu | 8 |  | 
| Give item / drop item | 3 |  | 
| Remove unit from queue | 2 |  | 
| Right click | 1559 |  | 
| Select / deselect | 256 |  | 
| Select group hotkey | 70 |  | 
| Use ability | 134 |  | 
                2145 total
 » units 
                
                | Peasant | 16 |  | 
| Footman | 9 |  | 
| Gryphon Rider | 6 |  | 
                31 total
 » upgrades
                
                | Defend | 1 |  | 
| Lumber Harvesting | 1 |  | 
| Storm Hammers | 1 |  | 
| Masonry | 1 |  | 
| Swords | 1 |  | 
| Armor | 2 |  | 
| Animal War Training | 1 |  | 
                8 total
 » buildings
                
                | Barracks | 1 |  | 
| Altar of Kings | 1 |  | 
| Farm | 9 |  | 
| Scout Tower | 10 |  | 
| Arcane Tower | 2 |  | 
| Keep | 1 |  | 
| Arcane Vault | 1 |  | 
| Lumber Mill | 1 |  | 
| Guard Tower | 8 |  | 
| Castle | 2 |  | 
| Gryphon Aviary | 2 |  | 
| Blacksmith | 1 |  | 
| Town Hall | 2 |  | 
                41 total
 » build order
                00:11 Barracks
00:14 Altar of Kings
00:27 Farm
00:45 Farm
01:42 Farm
02:06 Scout Tower
02:49 Arcane Tower
02:50 Arcane Tower
03:31 Keep
03:38 Farm
04:19 Arcane Vault
04:44 Lumber Mill
05:20 Scout Tower
05:33 Farm
06:52 Guard Tower
06:56 Castle
06:56 Castle
07:22 Gryphon Aviary
07:23 Gryphon Aviary
08:14 Scout Tower
08:45 Guard Tower
09:25 Farm
09:25 Farm
09:26 Farm
10:22 Scout Tower
11:10 Guard Tower
11:54 Blacksmith
13:14 Farm
13:18 Scout Tower
14:53 Guard Tower
15:49 Scout Tower
15:49 Scout Tower
15:50 Scout Tower
15:52 Scout Tower
16:17 Scout Tower
16:20 Town Hall
16:24 Guard Tower
17:03 Guard Tower
21:16 Town Hall
» items
                
                | Scroll of Town Portal | 7 |  | 
| Scroll of Regeneration | 3 |  | 
                10 total
  
               
              
              
» 
urukhai-five (
pink | 48 APM | 1331 actions | 27:43)
              
 5 Pandaren Brewmaster 
 2 Drunken Haze
 3 Breath of Fire
 
                » actions 
                
                | Assign group hotkey | 16 |  | 
| Basic commands | 52 |  | 
| Build / train | 46 |  | 
| ESC pressed | 3 |  | 
| Enter build submenu | 14 |  | 
| Enter hero's abilities submenu | 5 |  | 
| Give item / drop item | 3 |  | 
| Right click | 785 |  | 
| Select / deselect | 244 |  | 
| Select group hotkey | 89 |  | 
| Use ability | 74 |  | 
                1331 total
 » units 
                » upgrades
                
                | Ultravision | 1 |  | 
| Improved Bows | 1 |  | 
                2 total
 » buildings
                
                | Ancient of War | 1 |  | 
| Moon Well | 4 |  | 
| Altar of Elders | 1 |  | 
| Hunter's Hall | 1 |  | 
| Tree of Ages | 1 |  | 
| Ancient of Lore | 3 |  | 
                11 total
 » build order
                00:12 Ancient of War
00:21 Moon Well
01:00 Altar of Elders
01:29 Moon Well
02:25 Hunter's Hall
03:26 Tree of Ages
04:00 Moon Well
05:19 Moon Well
05:59 Ancient of Lore
06:01 Ancient of Lore
06:57 Ancient of Lore
» items
                
                | Lesser Clarity Potion | 4 |  | 
| Potion of Mana | 1 |  | 
| Scroll of Town Portal | 1 |  | 
| Boots of Speed | 1 |  | 
| Staff of Teleportation | 1 |  | 
| Potion of Lesser Invulnerability | 1 |  | 
| Potion of Invisibility | 1 |  | 
                10 total
  
               team 2 (winner) 
              
              
» 
1st_Orc_Div. (
purple | 95 APM | 2644 actions | 27:44)
              
 4 Death Knight 
 2 Death Coil
 2 Unholy Aura
 3 Lich 
 2 Frost Nova
 1 Dark Ritual
 2 Blademaster 
 1 Critical Strike
 1 Wind Walk
 1 Crypt Lord 
 1 Impale
 
                » actions 
                
                | Assign group hotkey | 286 |  | 
| Basic commands | 269 |  | 
| Build / train | 92 |  | 
| ESC pressed | 12 |  | 
| Enter build submenu | 38 |  | 
| Enter hero's abilities submenu | 10 |  | 
| Right click | 520 |  | 
| Select / deselect | 524 |  | 
| Select group hotkey | 722 |  | 
| Use ability | 171 |  | 
                2644 total
 » units 
                
                | Acolyte | 7 |  | 
| Ghoul | 4 |  | 
| Crypt Fiend | 13 |  | 
| Makrura Snapper | 2 |  | 
| Raider | 1 |  | 
| Grunt | 3 |  | 
| Troll Batrider | 14 |  | 
| Obsidian Statue | 6 |  | 
| Peon | 5 |  | 
| Wind Rider | 2 |  | 
                57 total
 » upgrades
                
                | Creature Attack | 2 |  | 
| Web | 1 |  | 
| Creature Carapace | 1 |  | 
| Shaman Training | 1 |  | 
| Reinforced Defenses | 1 |  | 
| Destroyer Form | 1 |  | 
                7 total
 » buildings
                
                | Crypt | 1 |  | 
| Ziggurat | 8 |  | 
| Altar of Darkness | 1 |  | 
| Graveyard | 1 |  | 
| Nerubian Tower | 2 |  | 
| Tomb of Relics | 1 |  | 
| Halls of the Dead | 1 |  | 
| Slaughterhouse | 2 |  | 
| Orc Burrow | 5 |  | 
| War Mill | 1 |  | 
| Necropolis | 1 |  | 
| Fortress | 1 |  | 
| Spirit Lodge | 1 |  | 
| Voodoo Lounge | 2 |  | 
| Black Citadel | 1 |  | 
| Spirit Tower | 1 |  | 
| Beastiary | 1 |  | 
| Great Hall | 1 |  | 
| Altar of Storms | 1 |  | 
                33 total
 » build order
                00:14 Crypt
00:18 Ziggurat
00:29 Altar of Darkness
01:05 Graveyard
02:11 Ziggurat
02:12 Nerubian Tower
02:13 Tomb of Relics
03:42 Nerubian Tower
04:25 Ziggurat
05:32 Halls of the Dead
05:56 Ziggurat
07:01 Ziggurat
09:26 Slaughterhouse
10:07 Orc Burrow
10:11 War Mill
10:16 Necropolis
12:03 Ziggurat
12:04 Ziggurat
12:54 Fortress
13:04 Spirit Lodge
13:28 Ziggurat
15:05 Voodoo Lounge
15:56 Black Citadel
16:44 Spirit Tower
18:34 Beastiary
18:37 Orc Burrow
18:40 Orc Burrow
19:09 Slaughterhouse
19:33 Orc Burrow
19:55 Voodoo Lounge
20:25 Great Hall
26:28 Altar of Storms
26:38 Orc Burrow
» items
                
                | Rod of Necromancy | 2 |  | 
| Scroll of Town Portal | 3 |  | 
| Scroll of Protection | 2 |  | 
| Potion of Lesser Invulnerability | 1 |  | 
| Scroll of Healing | 1 |  | 
                9 total
  
               
              
              
» 
DIRTMCWORDUP (
teal | 152 APM | 1510 actions | 09:55)
              
 1 Blademaster 
 1 Wind Walk
 1 Shadow Hunter 
 1 Hex
 
                » actions 
                
                | Assign group hotkey | 19 |  | 
| Basic commands | 45 |  | 
| Build / train | 29 |  | 
| ESC pressed | 2 |  | 
| Enter build submenu | 12 |  | 
| Enter hero's abilities submenu | 3 |  | 
| Right click | 718 |  | 
| Select / deselect | 105 |  | 
| Select group hotkey | 533 |  | 
| Use ability | 44 |  | 
                1510 total
 » units 
                » upgrades
                » buildings
                
                | Altar of Storms | 1 |  | 
| Orc Burrow | 4 |  | 
| Barracks | 1 |  | 
| Stronghold | 1 |  | 
| Voodoo Lounge | 1 |  | 
| Beastiary | 4 |  | 
                12 total
 » build order
                00:06 Altar of Storms
00:18 Orc Burrow
00:44 Barracks
01:42 Orc Burrow
02:52 Stronghold
02:56 Voodoo Lounge
03:04 Orc Burrow
06:06 Beastiary
06:32 Beastiary
06:36 Orc Burrow
08:57 Beastiary
09:49 Beastiary
» items
                
                | Healing Salve | 3 |  | 
| Lesser Clarity Potion | 4 |  | 
| Scroll of Speed | 1 |  | 
                8 total
  
               
              
              
» 
Iceberg-Slim (
orange | 108 APM | 2997 actions | 27:44)
              
 5 Death Knight 
 3 Death Coil
 2 Unholy Aura
 4 Lich 
 2 Frost Nova
 2 Frost Armor
 
                » actions 
                
                | Assign group hotkey | 27 |  | 
| Basic commands | 333 |  | 
| Build / train | 63 |  | 
| Enter build submenu | 20 |  | 
| Enter hero's abilities submenu | 9 |  | 
| Give item / drop item | 1 |  | 
| Remove unit from queue | 2 |  | 
| Right click | 1008 |  | 
| Select / deselect | 360 |  | 
| Select group hotkey | 1100 |  | 
| Use ability | 74 |  | 
                2997 total
 » units 
                
                | Acolyte | 3 |  | 
| Ghoul | 3 |  | 
| Crypt Fiend | 20 |  | 
| Frost Wyrm | 5 |  | 
                31 total
 » upgrades
                
                | Burrow | 1 |  | 
| Creature Attack | 3 |  | 
| Web | 1 |  | 
| Freezing Breath | 1 |  | 
| Creature Carapace | 2 |  | 
                8 total
 » buildings
                
                | Graveyard | 1 |  | 
| Crypt | 1 |  | 
| Ziggurat | 11 |  | 
| Altar of Darkness | 1 |  | 
| Nerubian Tower | 3 |  | 
| Tomb of Relics | 1 |  | 
| Halls of the Dead | 2 |  | 
| Black Citadel | 1 |  | 
| Sacrificial Pit | 1 |  | 
| Boneyard | 2 |  | 
| Necropolis | 1 |  | 
                25 total
 » build order
                00:13 Graveyard
00:17 Crypt
00:39 Ziggurat
00:55 Altar of Darkness
01:31 Nerubian Tower
01:55 Ziggurat
02:12 Tomb of Relics
04:29 Halls of the Dead
04:29 Halls of the Dead
04:35 Ziggurat
05:57 Ziggurat
08:09 Black Citadel
09:33 Sacrificial Pit
10:09 Ziggurat
10:10 Ziggurat
11:46 Boneyard
15:18 Boneyard
15:59 Ziggurat
23:59 Necropolis
25:46 Ziggurat
25:47 Ziggurat
26:31 Ziggurat
26:32 Ziggurat
26:41 Nerubian Tower
26:43 Nerubian Tower
» items
                
                | Rod of Necromancy | 2 |  | 
| Scroll of Town Portal | 2 |  | 
| Orb of Corruption | 1 |  | 
                5 total
  
               
              
              
YEAHSHESASSBATS (
yellow | 115 APM | 3177 actions | 27:44)
              
 5 Death Knight 
 3 Death Coil
 2 Unholy Aura
 4 Lich 
 2 Frost Nova
 2 Dark Ritual
 4 Dreadlord 
 2 Sleep
 2 Carrion Swarm
 
                » actions 
                
                | Assign group hotkey | 23 |  | 
| Basic commands | 355 |  | 
| Build / train | 66 |  | 
| ESC pressed | 4 |  | 
| Enter build submenu | 17 |  | 
| Enter hero's abilities submenu | 13 |  | 
| Give item / drop item | 2 |  | 
| Right click | 1214 |  | 
| Select / deselect | 613 |  | 
| Select group hotkey | 736 |  | 
| Use ability | 134 |  | 
                3177 total
 » units 
                
                | Acolyte | 5 |  | 
| Ghoul | 3 |  | 
| Crypt Fiend | 8 |  | 
| Frost Wyrm | 5 |  | 
                21 total
 » upgrades
                
                | Burrow | 1 |  | 
| Web | 1 |  | 
| Creature Attack | 1 |  | 
| Creature Carapace | 2 |  | 
                5 total
 » buildings
                
                | Crypt | 1 |  | 
| Graveyard | 1 |  | 
| Altar of Darkness | 1 |  | 
| Ziggurat | 6 |  | 
| Tomb of Relics | 1 |  | 
| Nerubian Tower | 1 |  | 
| Halls of the Dead | 2 |  | 
| Black Citadel | 1 |  | 
| Sacrificial Pit | 1 |  | 
| Boneyard | 1 |  | 
| Necropolis | 1 |  | 
                17 total
 » build order
                00:05 Crypt
00:18 Graveyard
00:41 Altar of Darkness
00:57 Ziggurat
01:27 Tomb of Relics
02:02 Ziggurat
02:49 Nerubian Tower
04:21 Halls of the Dead
04:21 Halls of the Dead
04:41 Ziggurat
06:06 Ziggurat
06:59 Black Citadel
09:33 Sacrificial Pit
11:01 Boneyard
11:55 Ziggurat
16:45 Ziggurat
24:02 Necropolis
» items
                
                | Rod of Necromancy | 4 |  | 
| Lesser Clarity Potion | 2 |  | 
| Scroll of Town Portal | 8 |  | 
| Potion of Mana | 2 |  | 
| Orb of Corruption | 1 |  | 
                17 total
  
                Chat log
          (00:22 / All) DIRTMCWORDUP: good luck........have fun
(00:58 / Allies) 1st_Orc_Div.: this is a great undead map
(01:00 / Allies) 1st_Orc_Div.: every map is
(01:16 / Allies) DIRTMCWORDUP: cant hear ypou
(01:22 / Allies) 1st_Orc_Div.: can't hear me?
(01:23 / Allies) 1st_Orc_Div.: too quiet?
(01:25 / Allies) 1st_Orc_Div.: or not at all?
(01:28 / All) DIRTMCWORDUP: gl hf manner game.....please..
(01:33 / All) BONE_DRAGONS: fuck you
(01:33 / Allies) DIRTMCWORDUP: quiet
(01:36 / Allies) 1st_Orc_Div.: k
(01:39 / All) DIRTMCWORDUP: why so angry kodos
(01:44 / All) Iceberg-Slim: why....
(02:54 / Allies) 1st_Orc_Div.: they suck
(02:58 / Allies) DIRTMCWORDUP: no
(02:59 / Allies) DIRTMCWORDUP: they dont
(03:23 / Allies) 1st_Orc_Div.: meh
(05:15 / Allies) 1st_Orc_Div.: I got 2 slows we should be ok
(05:22 / Allies) 1st_Orc_Div.: no?
(09:55 / Allies) 1st_Orc_Div.: every game?
(11:48 / Allies) 1st_Orc_Div.: still not over
(11:49 / Allies) 1st_Orc_Div.: never was
(12:38 / Allies) 1st_Orc_Div.: yes it is
(12:45 / Allies) 1st_Orc_Div.: how is it not his fault for dropping
(20:53 / Allies) 1st_Orc_Div.: shit
(21:22 / Allies) 1st_Orc_Div.: shit
(22:23 / Allies) 1st_Orc_Div.: nice
(22:53 / Allies) 1st_Orc_Div.: nice
(23:42 / Allies) 1st_Orc_Div.: agh
(23:57 / Allies) 1st_Orc_Div.: no gold :(
(27:40 / All) YEAHSHESASSBATS: Lose more
(27:41 / All) YEAHSHESASSBATS: faggorts
(27:42 / All) urukhai-five: gg sirs